 Dungeon Crawl Stone Soup version 0.18-a0-1514-g6ed9364 (webtiles) character file.

3674 mrath the Envoy of Void (level 9, 0/69 HPs)
             Began as a Demonspawn Abyssal Knight on Mar 7, 2016.
             Was a High Priest of Lugonu.
             Slain by a killer bee (7 damage)
             ... on level 6 of the Dungeon.
             The game lasted 01:04:37 (11650 turns).

mrath the Envoy of Void (DsAK)                     Turns: 11650, Time: 01:04:37

Health: 0/69       AC: 14    Str: 17    XL:     9   Next: 89%
Magic:  14/14      EV:  7    Int: 14    God:    Lugonu [*****.]
Gold:   368        SH:  9    Dex: 13    Spells: 0 memorised, 8 levels left

rFire  + . .     SeeInvis +     C - +4 flail (protect)
rCold  . . .     Gourm    .     L - +0 chain mail
rNeg   . . .     Faith    .     h - +0 shield
rPois  .         Spirit   .     (helmet restricted)
rElec  .         Dismiss  .     (no cloak)
rCorr  .         Reflect  .     (no gloves)
SustAt .         Harm     .     (no boots)
MR     .....                    (no amulet)
Stlth  ..........               F - ring of see invisible
                                j - +2 ring of strength

@: about to teleport, not resistant to hostile enchantments, extremely
unstealthy
A: claws 1, horns 2, fire resistance 1
a: Depart the Abyss, Bend Space, Banish, Corrupt, Enter the Abyss, Renounce
Religion


You were on level 6 of the Dungeon.
You worshipped Lugonu.
Lugonu was extremely pleased with you.
You were very hungry.

You visited 2 branches of the dungeon, and saw 9 of its levels.
You visited the Abyss 1 time.

You collected 368 gold pieces.

Inventory:

Hand Weapons
 i - a +0 hunting sling of evasion
 x - a +0 blowgun
 C - a +4 flail of protection (weapon)
 N - a +2 war axe of flaming
Missiles
 k - 365 stones
 m - 42 sling bullets
 w - 24 poisoned needles
 M - 7 tomahawks (quivered)
Armour
 h - a +0 shield (worn)
 L - a +0 chain mail (worn)
Rods
 O - a +0 rod of clouds (13/13)
   (You took it off a crimson imp on level 7 of the Dungeon)
Jewellery
 j - a +2 ring of strength (left claw)
 F - a ring of see invisible (right claw)
Wands
 r - a wand of flame (29/48)
 t - a wand of slowing (36/48)
 B - a wand of polymorph (3/24)
Scrolls
 f - a scroll of fog {unknown}
 g - 2 scrolls of teleportation
 l - 3 scrolls of identify
 o - a scroll of immolation {unknown}
 q - a scroll of recharging {unknown}
 s - 3 scrolls of remove curse {unknown}
 y - a scroll of noise {unknown}
 E - a scroll of silence {unknown}
 G - a scroll of random uselessness {unknown}
Potions
 a - 2 potions of haste {unknown}
 d - a potion of ambrosia {unknown}
 e - a potion of flight {unknown}
 n - a potion of heal wounds
 p - 2 potions of curing
 H - a potion of degeneration {unknown}
 I - a potion of agility
Comestibles
 c - 7 bread rations


   Skills:
 + Level 5.8 Fighting
 + Level 6.4 Maces & Flails
 + Level 4.9 Armour
 + Level 4.6 Dodging
 + Level 4.7 Shields
 + Level 6.8 Invocations
 + Level 4.8 Evocations


You had 8 spell levels left.
You didn't know any spells.

Dungeon Overview and Level Annotations

Branches:
Dungeon (8/15)             Temple (1/1) D:7
   Lair: D:8-11

Altars:
Ashenzari
Cheibriados
Dithmenos
Fedhas
Gozag
Kikubaaqudgha
Nemelex Xobeh
Okawaru
Pakellas
Qazlal
Ru
Sif Muna
Trog
Vehumet
Xom
Yredelemnul
Zin
The Shining One

Shops:
D:6 [   D:8 %

Annotations:
D:4 bl4d3's ghost, amateur GrFi


Innate Abilities, Weirdness & Mutations

You have sharp fingernails.
You have a pair of horns on your head.
Your flesh is heat resistant.


Message History

You block the killer bee's attack. You block the killer bee's attack.
The killer bee stings you but does no damage.
There is a stone staircase leading up here.
You block the killer bee's attack.
You climb upwards.
The hill giant shouts!
There is a stone staircase leading down, spattered with blood here.
Read which item? (? for menu, Esc to quit)
As you read the scroll labeled LIJOEKLONI, it crumbles to dust.
You feel strangely unstable.
It was a scroll of teleportation.
The killer bee barely misses you. You block the killer bee's attack.
You block the hill giant's attack.
You hit the killer bee.
The killer bee is lightly wounded.
You block the killer bee's attack. The killer bee barely misses you.
You closely miss the killer bee.
The killer bee is lightly wounded.
The killer bee stings you!
You die...

.....###########.....#####...##.#
...............'.....+....#......
################.....####.#...#.#
(.)........8#.......># #.#......
..#.........#.##....†# #.#......
..#.........#.#....#.####.#......
..#8........#...........#'#..<...
########Y#########.#.##......##..
#....#.YC@#.#..#..........
#..C.#.)y)#..........∩#...
#....#.)..#.....#...#.#...
#...)'....#......########.
###########.....###.___##'
.'....#......#_.....#.
#....#......###..###.
#.s..#......#_.....#.
#...>######.###..###.


You could see a hill giant, a sky beast and a killer bee.

Vanquished Creatures
  Pikel (D:5)
  Grinder (D:4)
  2 hungry ghosts
  Edmund (D:4)
  Duvessa (D:5)
  3 sky beasts
  A slave (D:5)
  3 orc warriors
  A necrophage (D:6)
  3 ogres
  A centaur (D:8)
  3 giant frogs (D:7)
  A big kobold (D:4)
  Dowan (D:5)
  7 scorpions
  A killer bee (D:6)
  A howler monkey (D:3)
  2 crimson imps
  A jelly (D:7)
  A centaur zombie (D:7)
  3 hounds
  An orc priest (D:7)
  4 orc wizards
  An iguana (D:6)
  3 worker ants
  Robin (D:2)
  8 gnolls
  2 howler monkey skeletons
  13 adders
  3 shadow imps
  An adder zombie (D:5)
  An adder skeleton (D:7)
  5 worms
  3 dart slugs
  5 giant geckos
  25 orcs
  13 bats
  7 giant cockroaches
  15 goblins
  16 hobgoblins
  6 jackals
  4 quokkas
  4 ball pythons
  A giant cockroach zombie (D:5)
  6 giant newts
  A jackal skeleton (D:6)
  25 kobolds
  4 rats
  6 plants (D:4)
223 creatures vanquished.

Vanquished Creatures (others)
  2 orc wizards (D:5)
2 creatures vanquished.

Grand Total: 225 creatures vanquished

Notes
Turn   | Place    | Note
--------------------------------------------------------------
     0 | Abyss:1  | mrath the Demonspawn Abyssal Knight began the quest for the Orb.
     0 | Abyss:1  | Reached XP level 1. HP: 18/18 MP: 2/2
     0 | D:1      | Escaped the Abyss
   108 | D:1      | Reached * piety under Lugonu
   400 | D:1      | Gained mutation: You have a pair of small horns on your head. [demonic ancestry]
   400 | D:1      | Reached XP level 2. HP: 24/24 MP: 3/3
  1404 | D:1      | Gained mutation: Your flesh is heat resistant. [demonic ancestry]
  1404 | D:1      | Reached XP level 3. HP: 29/29 MP: 4/4
  2015 | D:2      | Found a deep blue altar of Sif Muna.
  2075 | D:2      | Reached ** piety under Lugonu
  2356 | D:2      | Gained mutation: You have sharp fingernails. [demonic ancestry]
  2356 | D:2      | Reached XP level 4. HP: 35/35 MP: 5/5
  2690 | D:2      | Noticed Robin
  2720 | D:2      | Killed Robin
  2957 | D:3      | Reached skill level 1 in Dodging
  3619 | D:3      | Reached XP level 5. HP: 39/41 MP: 7/7
  4152 | D:3      | HP: 2/41 [goblin/uncursed enchanted dagger (3)]
  4305 | D:3      | Reached skill level 1 in Evocations
  4991 | D:4      | Reached skill level 1 in Shields
  5001 | D:4      | Noticed Edmund
  5235 | D:4      | Killed Edmund
  5235 | D:4      | Reached XP level 6. HP: 47/47 MP: 8/8
  5401 | D:4      | Noticed bl4d3's ghost (amateur GrFi)
  5574 | D:4      | Reached *** piety under Lugonu
  5702 | D:4      | Noticed Grinder
  5716 | D:4      | Killed Grinder
  5716 | D:4      | Reached XP level 7. HP: 23/53 MP: 8/10
  6292 | D:4      | Reached skill level 5 in Maces & Flails
  7148 | D:5      | Entered Level 5 of the Dungeon
  7511 | D:5      | Noticed Duvessa
  7511 | D:5      | Noticed Dowan
  7521 | D:5      | Killed Duvessa
  7528 | D:5      | Killed Dowan
  7528 | D:5      | Gained mutation: You have a pair of horns on your head. [demonic ancestry]
  7528 | D:5      | Reached XP level 8. HP: 41/60 MP: 11/11
  8544 | D:5      | Noticed Pikel
  8585 | D:5      | Killed Pikel
  8585 | D:5      | Reached skill level 5 in Invocations
  8917 | D:6      | Reached skill level 5 in Fighting
  8929 | D:6      | Found Aschosk's Armour Emporium.
  8972 | D:6      | Found an opulent altar of Gozag.
  8972 | D:6      | Found a shadowy altar of Dithmenos.
  8982 | D:6      | Found a sparkling altar of Nemelex Xobeh.
  8985 | D:6      | Found an iron altar of Okawaru.
  8988 | D:6      | Found a shattered altar of Ashenzari.
  8988 | D:6      | Found a blossoming altar of Fedhas.
  8988 | D:6      | Found a snail-covered altar of Cheibriados.
  8988 | D:6      | Found a radiant altar of Vehumet.
  8989 | D:6      | Found an ancient bone altar of Kikubaaqudgha.
  8990 | D:6      | Found a sacrificial altar of Ru.
  8992 | D:6      | Found a bloodstained altar of Trog.
  9324 | D:6      | Found a glowing golden altar of the Shining One.
  9328 | D:6      | Reached **** piety under Lugonu
  9547 | D:7      | Reached XP level 9. HP: 53/68 MP: 13/13
 10056 | D:6      | Noticed a cyclops
 10057 | D:6      | Noticed a hill giant
 10328 | D:7      | Found a staircase to the Ecumenical Temple.
 10367 | Temple   | Entered the Ecumenical Temple
 10374 | Temple   | Identified a +0 rod of clouds (8/13) (You took it off a crimson imp on level 7 of the Dungeon)
 10651 | D:7      | Found an oddly glowing altar of Pakellas.
 10806 | D:7      | Reached ***** piety under Lugonu
 11564 | D:8      | Found Ujet's Food Boutique.
 11650 | D:6      | Slain by a killer bee

Vault maps used:
D:1:      zaba_arrival_water
D:2:      led_sif_pool, uniq_robin
D:3:      first_bread
D:4:      kennysheep_kobold_camp, grunt_ministairs_14, uniq_edmund, uniq_grinder
D:5:      corexii_leaking_fountain, uniq_duvessa, uniq_pikel
D:6:      minmay_klotski, old_standard_altar, minitemple, serial_shops, shop
D:7:      johnstein_pakellas_death_squad, minmay_door_square, the_bakery
D:8:      erik_lair_dragon, serial_shops, nicolae_shop_scaring_up_business,
          uniq_psyche
Temple:   circular_temple_6

Skill      XL: |  1  2  3  4  5  6  7  8  9 |
---------------+----------------------------+-----
Maces & Flails | 2 3 4 5 6 |  6.4
Dodging        | 1 2 3 4 |  4.6
Armour         | 2 3 4 |  4.9
Evocations     | 1 2 3 4 |  4.8
Invocations    | 3 4 5 6 |  6.8
Shields        | 1 2 3 4 |  4.7
Fighting       | 4 5 |  5.8

Action                   |  1- 3 |  4- 6 |  7- 9 || total
-------------------------+-------+-------+-------++-------
Melee: Mace              |   127 |   158 |       ||   285
       Flail             |       |    24 |   543 ||   567
 Fire: Blowgun           |       |     7 |    27 ||    34
       Hunting sling     |       |       |     3 ||     3
Throw: Stone             |     6 |       |       ||     6
Invok: Depart the Abyss  |     1 |       |       ||     1
  Use: Scroll            |       |       |     4 ||     4
       Potion            |       |       |     3 ||     3
  Eat: Chunk             |     5 |    11 |    15 ||    31
       Beef jerky        |       |       |     1 ||     1
       Royal jelly       |       |       |     1 ||     1
       Fruit             |       |       |     4 ||     4
